 Dungeon Crawl Stone Soup version 0.19-a0-867-g949743d (webtiles) character file.

17920 4thArraOfDagon the Bludgeoner (level 12, -5/136 HPs)
             Began as an Ogre Warper on July 3, 2016.
             Was an Initiate of Gozag.
             Slain by a spiny frog (21 damage)
             ... on level 1 of the Lair of Beasts.
             The game lasted 01:10:22 (10287 turns).

4thArraOfDagon the Bludgeoner (Ogre Warper)        Turns: 10287, Time: 01:10:23

Health: -5/136     AC:  8    Str: 19    XL:     12   Next: 53%
Magic:  15/15      EV: 13    Int:  9    God:    Gozag
Gold:   1376       SH:  0    Dex: 15    Spells: 6 memorised, 1 level left

rFire  . . .     SeeInvis +     y - +2 dire flail (protect)
rCold  + . .     Gourm    .     b - +0 robe
rNeg   . . .     Faith    .     (shield currently unavailable)
rPois  +         Spirit   .     (helmet restricted)
rElec  .         Dismiss  .     (no cloak)
rCorr  .         Reflect  .     (gloves unavailable)
SustAt .         Harm     .     (boots unavailable)
MR     +....                    M - amulet of rage
Stlth  ++........               d - ring of Tender Moments {rPois Str+2 Int-4 SInv Stlth-}
                                j - +5 ring of dexterity

@: somewhat resistant to hostile enchantments, unstealthy
A: unfitting armour, antennae 1, camouflage 1, cold resistance 1, dopey 1, tough
skin 1, weak 1
a: Potion Petition, Call Merchant, Bribe Branch, Renounce Religion, Evoke
Berserk Rage


You were on level 1 of the Lair of Beasts.
You worshipped Gozag.
Gozag was noncommittal.
You were hungry.

You visited 4 branches of the dungeon, and saw 18 of its levels.
You also visited: Labyrinth and Ice Cave.

You collected 3180 gold pieces.
You spent 261 gold pieces at shops.
You paid 1543 gold pieces to Gozag.

Inventory:

Hand Weapons
 a - a +0 mace
 i - a +0 giant spiked club
 s - a +0 flail
 x - a +0 blowgun
 y - a +2 dire flail of protection (weapon)
 E - a +2 flail of protection
Missiles
 o - 6 needles of frenzy
 J - 5 large rocks (quivered)
Armour
 b - a +0 robe (worn)
 P - the +2 robe "Yplem" {MR+, unknown}
   (You found it in a labyrinth)

   It affects your resistance to hostile enchantments.
Magical Staves
 Q - an uncursed staff of cold {unknown}
 R - an uncursed staff of air {unknown}
Rods
 f - a +8 rod of shadows (11/11)
   (You took it off a minotaur in a labyrinth)
Jewellery
 d - the ring of Tender Moments (right hand) {rPois Str+2 Int-4 SInv Stlth-}
   (You bought it in a shop on level 9 of the Dungeon)

   [ring of loudness]

   It affects your strength (+2).
   It affects your intelligence (-4).
   It protects you from poison.
   It lets you see invisible.
   It makes you less stealthy.
 j - a +5 ring of dexterity (left hand)
 p - an uncursed ring of ice
 w - an uncursed ring of protection from magic
 H - a +5 ring of strength
 L - an uncursed ring of stealth
 M - an amulet of rage (around neck)
Wands
 e - a wand of confusion (0/48)
 k - a wand of paralysis (5/24)
 m - a wand of random effects (0/48)
 v - a wand of iceblast (0/15)
 A - a wand of acid (0/15)
 C - a wand of acid (0/15)
 I - a wand of iceblast (0/15)
Scrolls
 h - 2 scrolls of immolation
 l - a scroll of noise
 n - 2 scrolls of enchant weapon
 q - 5 scrolls of remove curse
 t - 2 scrolls of fog
 u - 4 scrolls of fear
 z - 3 scrolls of enchant armour
 D - 2 scrolls of teleportation
 O - a scroll of acquirement {unknown}
 S - a scroll of magic mapping
Potions
 B - a potion of cancellation
 F - a potion of heal wounds
 K - a potion of brilliance {unknown}
 N - a potion of haste
 T - 2 potions of resistance {unknown}
Books
 c - a book of Spatial Translocations

   Spells                             Type                      Level
   a - Apportation                    Translocation                1
   b - Blink                          Translocation                2
   c - Shroud of Golubria             Charms/Translocation         2
   d - Portal Projectile              Translocation                3
   e - Teleport Other                 Translocation                3
   f - Passage of Golubria            Translocation                4
Miscellaneous
 G - a phantom mirror
Comestibles
 r - 3 meat rations


   Skills:
 + Level 13.6 Fighting
 * Level 18.5 Maces & Flails
 - Level 1.0 Throwing
 - Level 6.1 Dodging
 - Level 2.4 Spellcasting
 - Level 2.1 Translocations
 + Level 3.6 Evocations


You had one spell level left.
You knew the following spells:

 Your Spells              Type           Power        Failure   Level  Hunger
a - Apportation           Tloc           #.........   14%         1    ##.....
b - Blink                 Tloc           N/A          21%         2    ###....
c - Passage of Golubria   Tloc           N/A          97%         4    #####..
d - Swiftness             Chrm/Air       #.......     52%         2    ###....
e - Passwall              Tmut/Erth      #.........   52%         2    ###....
f - Ozocubu's Armour      Chrm/Ice       #.......     88%         3    ####...


Dungeon Overview and Level Annotations

Branches:
Dungeon (14/15)            Temple (1/1) D:4            Lair (1/6) D:11
    Orc (2/2) D:9
    Elf: Orc:2       Vaults: D:13-14

Altars:
Ashenzari
Dithmenos
Gozag
Hepliaklqana
Makhleb
Okawaru
Sif Muna
Zin
Jiyva

Shops:
D:3 *   D:9 =   D:11 }   D:12 [   Orc:2 *

Portals:
Trove: D:11 (give 15 potions of curing)

Annotations:
D:3 exclusion: 4 doors, Robin
D:6 Prince Ribbit
D:11 exclusion: 2 doors
D:13 Sonja
Lair:1 Harold
Orc:1 Lorraine's ghost, journeyman MiMo


Innate Abilities, Weirdness & Mutations

You are too large for most types of armour.
You have tough skin. (AC +1)
You have a pair of small antennae on your head.
Your skin changes colour to match your surroundings (Stealth+).
Your flesh is cold resistant. (rC+)
You are dopey. (Int -2)
You are weak. (Str -2)


Message History

You are too injured to fight recklessly!
You are too injured to fight recklessly!
You hit the spiny frog but do no damage.
The spiny frog is severely wounded.
You feel sick. The spiny frog closely misses you.
You closely miss the spiny frog.
The spiny frog is severely wounded.
You feel sick. The spiny frog closely misses you.
You closely miss the spiny frog.
The spiny frog is severely wounded.
You closely miss the spiny frog.
The spiny frog is severely wounded.
You feel sick. The spiny frog stings you!
* * * LOW HITPOINT WARNING * * *
You are lethally poisoned!
The spiny frog poisons you!
Unknown command.
You feel better. The spiny frog stings you!!
You die...
Your body crumbles into a pile of gold.

##.....# ## # ##....#
#....# ##..>.# #.....# .
##....P ... ##.... #####
...
##P...F######.#P#####...
.......@................
........................
........................
........................
.....#####.#####.#.....P
....# ### ###....## ....
#.....## .%. ##.....#
#......#


You could see a spiny frog.

Vanquished Creatures
  A minotaur (Lab)
  Urug (Lair:1)
  3 unseen horrors
  A wolf spider zombie (D:13)
  2 hill giants
  An ugly thing (D:11)
  2 cyclopes
  A gargoyle (D:12)
  2 centaur skeletons
  A spiny frog (Lair:1)
  3 trolls
  2 two-headed ogres
  A meliai zombie (D:12)
  A centaur simulacrum (D:14)
  2 wyverns
  5 yaks
  2 basilisks
  3 hippogriffs
  A hungry ghost (D:14)
  A mottled dragon (D:12)
  4 water moccasins
  5 sky beasts
  2 black bears
  11 orc warriors
  2 necrophages
  4 ice beasts
  A phantom (D:5)
  3 wasps
  6 ogres
  3 crocodiles
  A wolf (D:14)
  12 centaurs
  6 giant frogs
  A big kobold (D:6)
  2 scorpions
  A killer bee (D:10)
  10 wights
  4 crimson imps
  A quasit (D:12)
  A centaur zombie (D:9)
  A giant frog zombie (D:7)
  A giant frog skeleton (D:3)
  18 orc wizards
  9 orc priests
  6 hounds
  4 jellies
  7 iguanas
  7 worker ants
  A hound zombie (D:10)
  A howler monkey zombie (D:10)
  8 gnolls
  18 river rats
  6 adders
  An ufetubus (D:14)
  An adder skeleton (D:9)
  A worm (D:5)
  6 giant geckos
  43 orcs
  4 giant cockroaches
  7 hobgoblins
  6 jackals (D:2)
  5 quokkas
  A ball python (D:7)
  13 bats
  8 giant newts
  2 goblins
  2 jackal skeletons (D:5)
  25 kobolds
  11 rats
339 creatures vanquished.

Vanquished Creatures (collateral kills)
  2 yaks (Lair:1)
  An ogre (Orc:1)
3 creatures vanquished.

Vanquished Creatures (others)
  A hungry ghost (D:11)
  A fungus (D:11)
2 creatures vanquished.

Grand Total: 344 creatures vanquished

Notes
Turn   | Place    | Note
-------+----------+-------------------------------------------
     0 | D:1      | 4thArraOfDagon the Ogre Warper began the quest for the Orb.
     0 | D:1      | Reached XP level 1. HP: 22/22 MP: 3/3
     0 | D:1      | OGWR????
    60 | D:1      | Reached skill level 3 in Maces & Flails
   110 | D:2      | Reached XP level 2. HP: 29/29 MP: 5/5
   126 | D:2      | 4thArraOfDagon: hiii
   177 | D:3      | Noticed an ice beast
   377 | D:2      | Gained mutation: Your skin changes colour to match your surroundings (Stealth+). [potion of mutation]
   377 | D:2      | Gained mutation: You have a pair of small antennae on your head. [potion of mutation]
   377 | D:2      | Gained mutation: You are weak. (Str -2) [potion of mutation]
   385 | D:2      | Reached XP level 3. HP: 35/37 MP: 6/6
   458 | D:2      | Reached skill level 4 in Maces & Flails
   680 | D:2      | Torious: HI!
   683 | D:1      | 4thArraOfDagon: hiii
   798 | D:3      | 4thArraOfDagon: ohh Tori, long time no see!
   815 | D:3      | Torious: :D
   869 | D:4      | 4thArraOfDagon: how r u br
   891 | D:4      | Reached XP level 4. HP: 7/46 MP: 7/7
  1007 | D:4      | Torious: very busy these days. how are u
  1061 | D:4      | Noticed an ogre
  1097 | D:3      | Reached skill level 5 in Maces & Flails
  1111 | D:3      | 4thArraOfDagon: not too bad
  1157 | D:3      | 4thArraOfDagon: apparently i was delusional
  1157 | D:3      | 4thArraOfDagon: that i can abandon this game completely
  1207 | D:3      | Torious: haha i'm glad you're still playing
  1208 | D:3      | Turgon: Hi. Same with me :-)
  1272 | D:3      | 4thArraOfDagon: o hi Tur
  1333 | D:3      | Found Zin's Purification Station.
  1336 | D:3      | Found a glowing silver altar of Zin.
  1362 | D:3      | Turgon: 0.18 means no tele-spamming which makes the speedruns less boring
  1446 | D:3      | Noticed Robin
  1447 | D:3      | Turgon: And Ash in extened mabe even stronger
  1447 | D:3      | Turgon: extended*
  1447 | D:3      | 4thArraOfDagon: haha yeah
  1450 | D:3      | 4thArraOfDagon: i feel like speedrunning is completely dead since then
  1451 | D:4      | Found a staircase to the Ecumenical Temple.
  1457 | Temple   | Entered the Ecumenical Temple
  1486 | Temple   | Turgon: I go for speedruns in 0.18 as well,
  1487 | Temple   | Turgon: never reached extended up to now though
  1487 | Temple   | 4thArraOfDagon: what ya up to
  1487 | Temple   | 4thArraOfDagon: ogres?
  1487 | Temple   | 4thArraOfDagon: demonspawnds like always?
  1490 | Temple   | Became a worshipper of Gozag Ym Sagoz the Greedy
  1527 | D:4      | Turgon: actually an interesting TrFi
  1530 | D:4      | Found a hazy altar of Hepliaklqana.
  1533 | D:4      | Found a burning altar of Makhleb.
  1536 | D:4      | Found an iron altar of Okawaru.
  1555 | D:4      | Reached XP level 5. HP: 54/54 MP: 8/8
  1591 | D:4      | Turgon: Could reach < 40 k which is good from my point of view
  1596 | D:5      | Entered Level 5 of the Dungeon
  1675 | D:4      | Turgon: Already butchered swamp dragon (got armour) and have nice rings
  1996 | D:5      | Reached skill level 6 in Maces & Flails
  2001 | D:5      | Reached XP level 6. HP: 36/63 MP: 9/9
  2013 | D:5      | Noticed a phantom
  2031 | D:5      | Killed a phantom
  2240 | D:5      | Reached skill level 7 in Maces & Flails
  2336 | D:5      | Reached skill level 5 in Fighting
  2336 | D:5      | Reached XP level 7. HP: 29/72 MP: 10/10
  2383 | D:5      | Learned a level 2 spell: Blink
  2388 | D:5      | Learned a level 4 spell: Passage of Golubria
  2457 | D:6      | 4thArraOfDagon: mind throwing me dump here?
  2480 | D:6      | Turgon: http://crawl.xtahua.com/crawl/morgue/Turgon/Turgon.txt
  2592 | D:6      | Noticed Prince Ribbit
  2600 | D:6      | Turgon: P - the ring "Ogex" {rF+ MR+ AC+1 Int-4 Slay+5}
  2610 | D:6      | Turgon: w - the ring "Jidiozic" (right claw) {Wiz Int+2 Slay+4, !d}
  2610 | D:6      | 4thArraOfDagon: OGEX w00t
  2703 | D:6      | Reached skill level 8 in Maces & Flails
  2715 | D:6      | Turgon: New Ash ability needs lots of remove scrolls, unfortunately
  2755 | D:6      | Turgon: Not sure if this is an improvement
  2869 | D:6      | Reached XP level 8. HP: 83/83 MP: 11/11
  2880 | D:6      | 4thArraOfDagon: i felt like - yes it is
  2894 | D:5      | 4thArraOfDagon: mainly for saving 3 item slots
  2897 | D:5      | Turgon: But in midgame it means less chances for changing equipment
  2994 | D:6      | Turgon: The problem is that there are not too many remove scrolls
  3030 | D:6      | Reached skill level 9 in Maces & Flails
  3166 | D:6      | tstbtto: not interested in curare?
  3205 | D:6      | Turgon: My troll would be much better with some of the other equipment - but I wouldn't be able to curse the items afterwards
  3437 | D:7      | Reached skill level 5 in Dodging
  3465 | D:7      | Reached skill level 10 in Maces & Flails
  3480 | D:7      | Gained mutation: Your flesh is cold resistant. (rC+) [potion of mutation]
  3480 | D:7      | Gained mutation: You are dopey. (Int -2) [potion of mutation]
  3547 | D:7      | right...
  3747 | D:7      | Reached XP level 9. HP: 73/93 MP: 12/12
  3789 | D:7      | Reached skill level 11 in Maces & Flails
  4214 | D:8      | Noticed a two-headed ogre
  4222 | D:8      | Killed a two-headed ogre
  4638 | D:9      | Reached skill level 12 in Maces & Flails
  5052 | D:9      | Noticed a troll
  5061 | D:9      | Killed a troll
  5061 | D:9      | Reached skill level 13 in Maces & Flails
  5061 | D:9      | Reached XP level 10. HP: 86/107 MP: 13/13
  5130 | D:9      | Reached skill level 10 in Fighting
  5134 | D:9      | Reached skill level 14 in Maces & Flails
  5173 | D:9      | Found a staircase to the Orcish Mines.
  5259 | D:10     | Entered Level 10 of the Dungeon
  5378 | D:10     | Learned a level 2 spell: Swiftness
  5381 | D:10     | Learned a level 2 spell: Passwall
  5761 | D:10     | Noticed a hill giant
  5776 | D:10     | Killed a hill giant
  6095 | D:10     | Reached skill level 15 in Maces & Flails
  6193 | D:11     | Noticed a cyclops
  6210 | D:11     | Killed a cyclops
  6211 | D:11     | Noticed a hill giant
  6229 | D:11     | Killed a hill giant
  6229 | D:11     | Reached XP level 11. HP: 93/120 MP: 14/14
  6259 | D:11     | Noticed a cyan ugly thing
  6275 | D:11     | Killed a cyan ugly thing
  6307 | D:10     | Reached skill level 16 in Maces & Flails
  6557 | D:11     | tstbtto: unseen haram
  6747 | D:11     | Found a portal to a secret trove of treasure.
  6872 | D:12     | Killed an unseen horror
  7278 | D:12     | Noticed a cyclops
  7294 | D:12     | Killed a cyclops
  7420 | D:13     | Turgon: In tavern someone said a while ago, "An ogre is like a troll without claws and without regeneration"
  7447 | D:14     | 4thArraOfDagon: thats very accurate
  7447 | D:14     | Turgon: :-)
  7449 | D:13     | Turgon: Low AC/EV is main problem
  7508 | D:14     | Turgon: Unless you go with Chei and get high EV (and get other problems due to Chei)
  7538 | D:14     | Reached skill level 17 in Maces & Flails
  7612 | D:14     | Found a frozen archway.
  7616 | D:14     | Found a viscous altar of Jiyva.
  7620 | IceCv    | Entered an ice cave
  7621 | IceCv    | f
  7623 | IceCv    | Turgon: Dig?
  7627 | D:14     | Turgon: mhmm
  7648 | D:14     | Turgon: New slime creature tiles is nice
  7679 | D:13     | Noticed Sonja
  7680 | D:13     | Noticed a salamander
  7680 | D:13     | christ
  7724 | D:13     | Killed an unseen horror
  8112 | D:13     | Reached skill level 1 in Evocations
  8139 | D:13     | Noticed a deep elf mage
  8193 | D:13     | Noticed a cyclops
  8264 | D:12     | Learned a level 3 spell: Ozocubu's Armour
  8286 | D:12     | Reached XP level 12. HP: 69/133 MP: 15/15
  8298 | D:12     | lets roll it
  8621 | D:11     | Noticed a six-headed hydra
  8660 | D:10     | Reached skill level 18 in Maces & Flails
  8811 | Orc:1    | Entered Level 1 of the Orcish Mines
  8899 | Orc:1    | Noticed Lorraine's ghost (journeyman MiMo)
  8930 | Orc:2    | Entered Level 2 of the Orcish Mines
  8930 | Orc:2    | Found a labyrinth entrance.
  8930 | Orc:2    | Noticed an orc high priest
  8936 | Lab      | Entered a labyrinth
  8968 | Lab      | 4thArraOfDagon: damn that lab was the seviour
  9402 | Lab      | Noticed a minotaur
  9411 | Lab      | Turgon: lol
  9411 | Lab      | WTF
  9411 | Lab      | Turgon: 1000 yaks
  9418 | Lab      | Turgon: mino read summoning probably
  9423 | Lab      | Killed a minotaur
  9429 | Lab      | Turgon: :-)
  9438 | Lab      | Got a twisted robe
  9439 | Lab      | Identified a +8 rod of shadows (9/11) (You took it off a minotaur in a labyrinth)
  9463 | Orc:2    | 4thArraOfDagon: wait
  9463 | Orc:2    | 4thArraOfDagon: shadow rod generated 3 hostile demons?
  9463 | Orc:2    | Turgon: I didn't get the situation
  9463 | Orc:2    | 4thArraOfDagon: wtf is that deal
  9463 | Orc:2    | Turgon: blink scroll?
  9466 | Orc:2    | Found Xykadeq's General Store.
  9466 | Orc:2    | Noticed an orc warlord
  9467 | Orc:2    | Noticed an orc high priest
  9467 | Orc:2    | Noticed an orc high priest
  9530 | D:9      | Turgon: Your evo is quite low afaik
  9535 | D:9      | Turgon: (concerning rod)
  9536 | D:9      | Bought the ring of Tender Moments {rPois Str+2 Int-4 SInv Stlth-} for 261 gold pieces
  9611 | D:11     | Found Nuobbeciole's Gadget Shoppe.
  9759 | D:11     | Found a staircase to the Lair.
  9847 | Lair:1   | Entered Level 1 of the Lair of Beasts
  9847 | Lair:1   | Noticed Urug
  9856 | Lair:1   | Killed Urug
 10259 | Lair:1   | Noticed Harold
 10287 | Lair:1   | Slain by a spiny frog

Vault maps used:
D:1:      lemuel_arrival_broad_hall
D:2:      nrook_mini_backslash
D:3:      zin_purify, makhleb_heckhound_becter, uniq_robin
D:4:      grunt_temple_overflow_diamond, first_bread
D:5:      uniq_crazy_yiuf_cottage, uniq_sigmund, uniq_grinder
D:6:      kennysheep_kobold_camp, hangedman_decor_opposing, dk_noncrumbling_4,
          kennysheep_generic_room_3, uniq_prince_ribbit1
D:7:      the_bakery, minmay_small_thing
D:8:      minmay_misc_feat_ornament
D:9:      david_orc_4
D:10:     special_room, minmay_lizard_king
D:11:     grunt_lair_entry_orc_guard_hut, enter_trove_6, serial_shops, shop
D:13:     hangedman_vaults_entry_quadrant_bands, uniq_sonja
D:14:     cheibrodos_stairvault_heist, hangedman_abyss_or_decor_stagger,
          serial_ice, serial_ice_f, serial_ice_m, serial_ice_n, serial_ice_c,
          portal_ice_cave_entry_pillars_2, minmay_strange_pillars, jiyva_altar_1
Temple:   dpeg_five_rooms_temple
Lair:1:   serial_bayou_pond_c, serial_bayou_shore_a, serial_bayou_shore_b,
          uniq_urug, uniq_grum, uniq_harold
Orc:2:    grunt_orc_gardens, grunt_orc_garden, grunt_orc_garden,
          grunt_orc_garden, grunt_orc_garden, lab_entry_generic, serial_shops,
          nicolae_shop_trees, shop, shop, shop_statue, abandoned_shop
Lab:      labyrinth_spiral
IceCv:    ice_cave_small_necro

Skill      XL: |  1  2  3  4  5  6  7  8  9 10 11 12 |
---------------+-------------------------------------+-----
Maces & Flails | 3 4 5 6 7 8 10 13 15 17 18 | 18.5
Fighting       | 3 4 5 6 7 9 11 12 13 | 13.6
Dodging        | 3 4 5 6 |  6.1
Evocations     | 1 3 |  3.6
Throwing       | |  1.0
Spellcasting   | |  2.4
Translocations | |  2.1

Action                   |  1- 3 |  4- 6 |  7- 9 | 10-12 || total
-------------------------+-------+-------+-------+-------++-------
Melee: Mace              |   151 |    50 |       |       ||   201
       Flail             |       |   114 |    17 |       ||   131
       Giant spiked club |       |       |   136 |       ||   136
       Dire flail        |       |       |   122 |   600 ||   722
 Fire: Blowgun           |       |       |    15 |    33 ||    48
Throw: Tomahawk          |     5 |       |       |       ||     5
       Large rock        |       |       |       |    12 ||    12
Invok: Call Merchant     |       |       |       |     2 ||     2
Evoke: Wand              |       |     7 |    18 |    21 ||    46
       Rod               |       |       |       |    10 ||    10
  Use: Potion            |     4 |     4 |     2 |     6 ||    16
       Scroll            |       |     4 |    11 |    10 ||    25
 Stab: Sleeping          |     2 |     2 |    11 |     4 ||    19
       Confused          |       |     1 |     2 |       ||     3
       Paralysed         |       |       |     2 |     9 ||    11
       Distracted        |       |       |     1 |     4 ||     5
  Eat: Fruit             |     5 |       |       |       ||     5
       Pizza             |       |     1 |     3 |       ||     4
       Beef jerky        |       |       |     1 |     3 ||     4
       Chunk             |       |       |     1 |       ||     1
       Meat ration       |       |       |     1 |     1 ||     2
       Bread ration      |       |       |       |     3 ||     3
Armor: Robe              |    65 |    24 |    25 |   131 ||   245
       Skin              |       |    41 |    15 |       ||    56
Dodge: Dodged            |   136 |    58 |   129 |   246 ||   569
